 Dungeon Crawl Stone Soup version 0.31.0-10-gcf4a605ca0 (webtiles) character file.

Game seed: 13546841538745939884

26187 olmar the Earth Mage (level 13, -8/66 HPs)
             Began as a Gargoyle Earth Elementalist on Jan 25, 2024.
             Was an Initiate of Gozag.
             Killed from afar by a fire giant (31 damage)
             ... with a fireball
             ... on level 12 of the Dungeon.
             The game lasted 00:25:07 (15979 turns).

olmar the Earth Mage (Gargoyle Earth Elementalist) Turns: 15979, Time: 00:25:08

Health: -8/66      AC: 20    Str: 13    XL:     13   Next: 24%
Magic:  2/29       EV: 12    Int: 26    God:    Gozag
Gold:   691        SH:  0    Dex: 10    Spells: 21/36 levels left

rFire   . . .        F - +7 mace of Variability {chaos, chaos arc}
rCold   . . .        (shield currently unavailable)
rNeg    + + +        v - +2 robe {Will+}
rPois   ∞            L - +0 helmet of Maqai {rN++ Slay+5}
rElec   +            g - +1 cloak {Will+}
rCorr   +            M - +2 pair of gloves {infuse}
SInv    .            G - +0 pair of boots
Will    ++...        (no amulet)
Stlth   ++           e - +6 ring of intelligence
HPRegen 0.31/turn    a - ring of resist corrosion
MPRegen 0.21/turn

%: infuse magic (1 MP)
@: gold aura
A: sickness immunity, AC +9, negative energy resistance 1, electricity
resistance, torment resistance 1, petrification resistance
a: Renounce Religion, Potion Petition, Call Merchant, Bribe Branch


You were on level 12 of the Dungeon.
You worshipped Gozag.
Gozag was pleased with you.
You visited 1 branch of the dungeon, and saw 12 of its levels.
You also visited: Sewer and Bailey.

You collected 3100 gold pieces.
You spent 875 gold pieces at shops.
You paid 1534 gold pieces to Gozag.

Inventory:

Hand Weapons
 o - a +3 dagger of chaos
 F - the +7 mace of Variability (weapon) {chaos, chaos arc}
   (You found it on level 8 of the Dungeon)
Missiles
 x - 34 poisoned darts
 I - 3 throwing nets
 K - a curare-tipped dart
Armour
 g - a +1 cloak of willpower (worn)
 v - a +2 robe of willpower (worn)
 E - a scarf of invisibility
 G - a +0 pair of boots (worn)
 J - a +2 hat of see invisible
 L - the +0 helmet of Maqai (worn) {rN++ Slay+5}
   (You bought it in a shop on level 9 of the Dungeon)

   Slay+5:    It affects your accuracy & damage with ranged weapons and melee
   (+5).
   rN++:      It greatly protects you from negative energy.
 M - a +2 pair of gloves of infusion (worn)
Jewellery
 a - a ring of resist corrosion (right hand)
 e - a +6 ring of intelligence (left hand)
Wands
 A - a wand of digging (6)
 N - a wand of paralysis (2)
Scrolls
 d - a scroll of poison
 k - 2 scrolls of identify
 p - 4 scrolls of enchant weapon
 q - 2 scrolls of amnesia
 r - 3 scrolls of vulnerability
 w - 2 scrolls of revelation
 y - a scroll of enchant armour
 B - 2 scrolls of fear {unknown}
 C - 2 scrolls of immolation
 D - 2 scrolls of summoning
 H - 2 scrolls of blinking
 P - a scroll of teleportation {unknown}
 Q - a scroll of silence {unknown}
Potions
 b - 2 potions of magic
 c - a potion of enlightenment
 f - 2 potions of berserk rage
 h - 2 potions of brilliance
 i - a potion of mutation {unknown}
 j - a potion of heal wounds
 l - 5 potions of might
 m - 3 potions of cancellation
 n - 3 potions of curing
 s - 2 potions of degeneration
 t - 3 potions of attraction {unknown}
 u - 3 potions of resistance {unknown}
 z - 6 potions of haste {unknown}


   Skills:
 + Level 2.0 Fighting
 - Level 1.1 Throwing
 + Level 2.9 Dodging
 - Level 4.6 Stealth
 + Level 0.5 Unarmed Combat
 + Level 12.4 Spellcasting
 + Level 11.4 Conjurations
 + Level 15.2 Earth Magic
 + Level 0.9 Alchemy


You had 21 spell levels left.
You knew the following spells:

 Your Spells              Type           Power      Damage    Failure   Level
a - Sandblast             Erth           100%       2d20      0%          1
b - Passwall              Erth           77%        N/A       1%          3
c - Brom's Barrelling Bo  Conj/Erth      71%        2d8       1%          4
d - Petrify               Alch/Erth      55%        N/A       1%          4
e - Stone Arrow           Conj/Erth      100%       3d13      1%          3

Your spell library contained the following spells:

 Spells                   Type           Power      Damage    Failure   Level
 Foxfire                  Conj/Fire      100%       2x1d9     1%          1
 Shock                    Conj/Air       100%       1d9       1%          1
 Sting                    Conj/Alch      100%       1d9       1%          1
 Apportation              Tloc           32%        N/A       3%          1
 Necrotise                Necr           64%        1d7       3%          1
 Mercury Vapours          Alch/Air       36%        N/A       4%          2
 Jinxbite                 Hex            32%        N/A       5%          2
 Gell's Gravitas          Tloc           16%        N/A       11%         3
 Swiftness                Air            16%        N/A       11%         3
 Teleport Other           Tloc           16%        N/A       11%         3
 Tukima's Dance           Hex            16%        N/A       11%         3
 Vampiric Draining        Necr           16%        2d7       11%         3
 Olgreb's Toxic Radiance  Alch           20%        N/A       24%         4
 Airstrike                Air            8%         2d(2-18)  34%         4
 Martyr's Knell           Necr/Summ      16%        N/A       34%         4
 Passage of Golubria      Tloc           16%        N/A       34%         4
 Starburst                Conj/Fire      22%        6d8       47%         6
 Alistair's Intoxication  Alch           13%        N/A       56%         5
 Yara's Violent Unravell  Hex/Alch       9%         3d6       63%         5
 Curse of Agony           Necr           16%        N/A       69%         5
 Dispersal                Tloc           8%         N/A       99%         6
 Plasma Beam              Fire/Air       8%         2x1d18    99%         6


Dungeon Overview and Level Annotations

Branches:
Dungeon (12/15)            Temple (0/1) D:7            Lair (0/5) D:10
    Orc (0/2) D:10          Sewer (visited)          Bailey (visited)

Altars:
Ashenzari
Elyvilon
Gozag
Okawaru
Ru
Sif Muna
Xom
Zin

Shops:
D:1 (   D:2 ?   D:3 !:   D:9 [   D:11 [

Annotations:
D:10 Fannar


Innate Abilities, Weirdness & Mutations

You are immune to sickness and miasma.
Your stone body is resilient. (AC +9)
You are immune to poison.
You resist negative energy. (rN+)
You are resistant to electric shocks. (rElec)
You are resistant to unholy torment.
You are immune to petrification.


Message History

The shadow is severely damaged.
The stone arrow hits the shadow!!
You destroy the shadow!
You can't see any susceptible monsters within range! (Use Z to cast anyway.)
A fire giant is nearby!
A fire giant is nearby!
A fire giant is nearby!
A gargoyle comes into view. It is wielding a +0 mace.
The stone arrow hits the fire giant!!
The fire giant is moderately wounded.
The fire giant shouts!
The fire giant is distracted by your dazzling golden aura.
The stone arrow hits the fire giant!
The fire giant is moderately wounded.
The fire giant is no longer distracted by gold.
The fire giant shouts!
The stone arrow hits the fire giant!
The fire giant is heavily wounded.
The stone arrow hits the fire giant!
The fire giant is severely wounded.
The fire giant casts a spell at you.
The fireball explodes!
The fireball engulfs you!!!
Ouch! That really hurt!
You hear a shout!
You hear an angry buzzing noise. x2
You are too injured to fight recklessly!
Unknown command.
Okay, then.
Aiming: Paralyse
Press: ? - help, Shift-Dir - straight line, f/p - fire giant
Aim: a fire giant, wielding a +0 great sword of flaming (severely wounded, chance to affect: 7%)
Okay, then.
Aiming: Stone Arrow (safe; 1% risk of failure)
Press: ? - help, Q - select action, (/) - cycle Shift-Dir - straight line, f/p - fire giant
Aim: a fire giant, wielding a +0 great sword of flaming (severely wounded, 95% to hit)
The stone arrow hits the fire giant!!
The fire giant is almost dead.
The fire giant points at you and mumbles some strange words.
The fireball explodes!
The fireball engulfs you!!
You die...
Your body crumbles into a pile of gold.

#.#.####.###....# .
#....#...#....#.......
.###.#.###......#.......
.....#...#.#....#.......
##.#####.#.#....#.......
|..))#...#.#....#.......
[###.#.#...#.$..#.......
.# #...######$###...#
)###.#.#...#....@$C.#
...).#...#.#..$.....#
##.#####.#.#..$.....#
.....#...#)#.$......#
.###.#.###...#####9##
..# ...#...#.........
#c#.####.###..........
..# ... +.......... ###
##. #.......


You could see a fire giant and a gargoyle.

Vanquished Creatures
  Gastronok (D:8)
  An orc warlord (Bailey)
  A stone giant (D:12)
  3 centaur warriors
  2 two-headed ogres
  Lodul (D:10)
  An orc knight (Bailey)
  2 ugly things
  A cyclops (D:12)
  2 kobold demonologists
  A gargoyle (D:11)
  Psyche (D:8)
  3 trolls
  A slime creature (D:12)
  A vampire (D:12)
  10 yaks
  A shadow (D:12)
  A wraith (D:10)
  2 wyverns
  2 steam dragons (D:8)
  3 chaos spawn (D:8)
  3 water moccasins
  15 orc warriors
  A sky beast (D:7)
  2 ice beasts
  8 ogres
  A black bear (D:5)
  4 centaurs
  4 kobold brigands
  2 bullfrogs
  2 gnoll sergeants (D:10)
  A scorpion (D:5)
  7 wights
  3 killer bees (D:11)
  2 jellies
  5 hounds
  2 bombardier beetles
  7 orc priests
  4 gnoll boudas
  A sleepcap (D:4)
  3 iguanas
  10 orc wizards
  Natasha (thrice) (D:2)
  26 gnolls
  11 adders
  A shadow imp (D:7)
  A white imp (D:8)
  4 ufetubi
  3 ribbon worms
  3 dart slugs
  51 orcs
  9 bats
  5 endoplasms
  9 giant cockroaches
  22 goblins
  16 hobgoblins
  9 jackals
  3 quokkas
  11 ball pythons
  5 frilled lizards
  22 kobolds
  6 rats
348 creatures vanquished.

Vanquished Creatures (collateral kills)
  5 boulders (Bailey)
5 creatures vanquished.

Vanquished Creatures (others)
  3 boulders (Bailey)
3 creatures vanquished.

Grand Total: 356 creatures vanquished

Notes
Turn   | Place    | Note
-------+----------+-------------------------------------------
     0 | D:1      | olmar the Gargoyle Earth Elementalist began the quest for
                  | the Orb.
     0 | D:1      | Reached XP level 1. HP: 10/10 MP: 3/3
   243 | D:1      | Found a faded altar of an unknown god.
   331 | D:1      | Reached skill level 4 in Earth Magic
   347 | D:1      | Reached XP level 2. HP: 15/15 MP: 3/5
   545 | D:1      | Found Umiru's Antique Weapon Boutique.
   906 | D:1      | Reached XP level 3. HP: 19/19 MP: 3/6
   912 | D:1      | Learned a level 3 spell: Passwall
  1160 | D:2      | Noticed Natasha
  1163 | D:2      | Killed Natasha
  1249 | D:2      | Noticed Natasha
  1252 | D:2      | Killed Natasha
  1253 | D:2      | Reached skill level 5 in Earth Magic
  1253 | D:2      | Reached XP level 4. HP: 24/24 MP: 5/8
  1258 | D:2      | Learned a level 4 spell: Brom's Barrelling Boulder
  1265 | D:2      | Noticed Natasha
  1268 | D:2      | Killed Natasha
  1398 | D:2      | Reached XP level 5. HP: 28/28 MP: 6/9
  1440 | D:2      | Found Qoirev's Magic Scroll Shoppe.
  1907 | D:2      | Found an opulent altar of Gozag.
  2009 | D:2      | Became a worshipper of Gozag Ym Sagoz the Greedy
  2120 | D:3      | Reached skill level 6 in Earth Magic
  2179 | D:3      | Reached XP level 6. HP: 32/32 MP: 7/11
  2184 | D:3      | Learned a level 4 spell: Petrify
  2207 | D:3      | Found Fatyonam's Distillery.
  2306 | D:3      | Found an opulent altar of Gozag.
  2389 | D:3      | Bought a potion of curing for 36 gold pieces
  2389 | D:3      | Bought a potion of lignification for 36 gold pieces
  2389 | D:3      | Bought a potion of might for 48 gold pieces
  2459 | D:3      | Found Oborgh's Book Boutique.
  3070 | D:4      | Reached XP level 7. HP: 36/36 MP: 11/14
  3079 | D:4      | Reached skill level 7 in Earth Magic
  3089 | D:4      | Reached skill level 5 in Spellcasting
  3581 | D:5      | Entered Level 5 of the Dungeon
  3724 | D:5      | Reached skill level 1 in Fighting
  3763 | D:5      | Found a glowing drain.
  3812 | Sewer    | Entered a sewer
  3899 | Sewer    | Reached skill level 8 in Earth Magic
  3899 | Sewer    | Reached XP level 8. HP: 11/43 MP: 7/17
  3919 | Sewer    | Learned a level 3 spell: Stone Arrow
  5668 | D:6      | Found a sacrificial altar of Ru.
  5992 | D:6      | Found a shimmering blue altar of Sif Muna.
  6024 | D:6      | Reached skill level 9 in Earth Magic
  6394 | D:7      | Reached XP level 9. HP: 47/47 MP: 7/19
  6512 | D:7      | Found a staircase to the Ecumenical Temple.
  6552 | D:7      | Found a glowing silver altar of Zin.
  6685 | D:7      | Found a broken altar of Ashenzari.
  6924 | D:7      | Found an iron altar of Okawaru.
  7306 | D:8      | Noticed Psyche
  7429 | D:8      | Reached skill level 5 in Conjurations
  7516 | D:8      | Found a shimmering altar of Xom.
  7519 | D:8      | Found the +7 mace of Variability {chaos, chaos arc}
  7566 | D:8      | Reached skill level 10 in Earth Magic
  7959 | D:8      | Killed Psyche
  7960 | D:8      | Reached XP level 10. HP: 42/52 MP: 3/22
  7988 | D:8      | Noticed a two-headed ogre
  8378 | D:8      | Noticed Gastronok
  8387 | D:8      | Killed Gastronok
  8388 | D:8      | Reached skill level 11 in Earth Magic
  8441 | D:8      | Killed a two-headed ogre
  8442 | D:8      | Reached skill level 1 in Throwing
  8799 | D:9      | Found a white marble altar of Elyvilon.
  9025 | D:9      | Noticed a centaur warrior
  9029 | D:9      | Bought an encrusted helmet for 247 gold pieces
  9029 | D:9      | Identified the +0 helmet of Maqai {rN++ Slay+5} (You bought
                  | it in a shop on level 9 of the Dungeon)
  9041 | D:9      | Bought a pair of glowing gloves for 195 gold pieces
  9145 | D:9      | Killed a centaur warrior
  9346 | D:9      | Reached skill level 12 in Earth Magic
  9376 | D:9      | Noticed a kobold demonologist
  9382 | D:9      | Killed a kobold demonologist
  9383 | D:9      | Reached XP level 11. HP: 56/56 MP: 6/24
  9528 | D:9      | Reached skill level 10 in Spellcasting
 10344 | D:10     | Entered Level 10 of the Dungeon
 10399 | D:10     | Found a flagged portal.
 10439 | Bailey   | Entered a bailey
 11155 | Bailey   | Noticed an orc knight
 11330 | Bailey   | Killed an orc knight
 11832 | Bailey   | Noticed an orc warlord
 11833 | Bailey   | Noticed an orc knight
 11973 | Bailey   | Killed an orc warlord
 12212 | Bailey   | Identified the +0 crystal plate armour "Zoeleud" {rPois}
 12246 | Bailey   | Reached skill level 10 in Conjurations
 12246 | Bailey   | Reached skill level 14 in Earth Magic
 12246 | Bailey   | Reached XP level 12. HP: 62/62 MP: 25/27
 12264 | D:10     | Noticed Lodul
 12276 | D:10     | Killed Lodul
 12739 | D:10     | Found a staircase to the Orcish Mines.
 12746 | D:10     | Noticed Fannar
 13561 | D:11     | Bought a +1 cloak of willpower for 313 gold pieces
 14219 | D:11     | Noticed a centaur warrior
 14228 | D:11     | Killed a centaur warrior
 14915 | D:12     | Reached XP level 13. HP: 66/66 MP: 18/29
 15063 | D:12     | Noticed a stone giant
 15064 | D:12     | Noticed a fire giant
 15276 | D:12     | Reached skill level 15 in Earth Magic
 15547 | D:12     | Killed a stone giant
 15979 | D:12     | Killed from afar by a fire giant

Illustrated notes

Levels and vault maps discovered:
D:1:      lightli_arrival_flooded_house, layout_basic, serial_shops, shop,
          chequers_ecumenical_altar_simple, serial_corexii_hall,
          corexii_hall_statues_l, chequers_hall_statues_corner_a,
          chequers_hall_statues_corner_a
D:2:      layout_basic, basic_altar, serial_shops,
          nicolae_shop_advertising_works [nicolae_subvault_shop_adworks],
          uniq_natasha
D:3:      layout_rooms, nicolae_gozag_seed_capital, serial_shops, shop, shop
D:4:      layout_cave_pools, serial_column_ruins, column_ruins_circle_medium,
          column_ruins_open_small, column_ruins_open_tiny,
          column_ruins_columns_T, column_ruins_columns_straight,
          column_ruins_grid_3, column_ruins_grid_1, hangedman_decor_opposing
D:5:      layout_loops_ring, cheibrodos_sewer_entry_drain
D:6:      layout_gridville, lemuel_round_altar, nicolae_ru_awakened_eye,
          kennysheep_generic_room_14
D:7:      layout_loops_ring, kennysheep_little_box, mainiacjoe_overflow_paths,
          kennysheep_mini, minmay_temple_entry_slanted
D:8:      layout_rooms, dreamdust_wishing_well,
          minmay_guarded_unrand_variability, uniq_psyche, uniq_gastronok
D:9:      kennysheep_seaside_town, layout_grid_maze, elyvilon_altar_1
D:10:     layout_cave_pools, david_lair_shrubbed, david_orc_2, enter_bailey_5,
          serial_gnoll_camp, gnoll_camp_huts_basic, gnoll_camp_mini_hut,
          gnoll_camp_mini_sergeant, gnoll_camp_mini_doghouse,
          gnoll_camp_mini_hut, gnoll_camp_medium_01, uniq_fannar, uniq_lodul,
          uniq_sonja
D:11:     layout_irregular_city, nicolae_twisty_statue_hallways
D:12:     layout_grid_maze, serial_shops, shop, nicolae_doodle_vault

Skill      XL: |  1  2  3  4  5  6  7  8  9 10 11 12 13 |
---------------+----------------------------------------+-----
Earth Magic    | 4 5 6 8 9 10 12 14 15 | 15.2
Spellcasting   | 3 4 6 8 9 11 12 | 12.4
Fighting       | 1 2 |  2.0
Dodging        | 2 |  2.9
Conjurations   | 3 5 7 10 11 | 11.4
Stealth        | 3 4 |  4.6
Throwing       | 1 |  1.1
Unarmed Combat | |  0.5
Alchemy        | |  0.9

Action                     |  1- 3 |  4- 6 |  7- 9 | 10-12 | 13-15 || total
---------------------------+-------+-------+-------+-------+-------++-------
  Melee: Unarmed           |       |     1 |     4 |       |       ||     5
         Great mace        |       |       |       |    28 |     1 ||    29
  Throw: Dart              |       |       |     3 |    43 |       ||    46
         Throwing net      |       |       |     2 |     1 |       ||     3
   Cast: Sandblast         |    33 |    71 |    84 |    27 |       ||   215
         Stone Arrow       |       |       |    96 |   202 |    56 ||   354
         Brom's Barrelling |       |       |       |    11 |       ||    11
         Passwall          |       |       |       |     2 |     3 ||     5
         Petrify           |       |       |       |     1 |     1 ||     2
 Invoke: Call Merchant     |       |       |       |     2 |       ||     2
  Evoke: Wand              |       |       |       |     2 |       ||     2
    Use: Scroll            |       |     1 |     7 |    11 |       ||    19
         Potion            |       |       |     2 |     7 |       ||     9
   Stab: Paralysed         |       |       |       |     3 |       ||     3
 Armour: Robe              |     2 |     8 |    71 |    64 |    23 ||   168
         Skin              |       |       |     6 |       |       ||     6
  Dodge: Dodged            |     2 |     5 |    52 |    47 |    19 ||   125
